 Dungeon Crawl Stone Soup version 0.32-a0-696-g5fa0bccb63 (webtiles) character file.

Game seed: 9190796895217872791

66 Essalna the Digger (level 3, -1/24 HPs)
             Began as a Demonspawn Earth Elementalist on Mar 13, 2024.
             Slain by a goblin
             ... wielding a +0 club
             ... led by Robin
              (6 damage)
             ... on level 2 of the Dungeon.
             The game lasted 00:02:28 (1608 turns).

Essalna the Digger (Demonspawn Earth Elementalist)  Turns: 1608, Time: 00:02:29

Health: -1/24      AC:  3    Str:  8    XL:     3   Next: 96%
Magic:  1/7        EV: 11    Int: 17    God:
Gold:   89         SH:  0    Dex: 13    Spells: 6/7 levels left

rFire   . . .        c - +0 dagger
rCold   . . .        (no shield)
rNeg    . . .        a - +0 robe
rPois   .            (no helmet)
rElec   .            (no cloak)
rCorr   .            (no gloves)
SInv    .            (no boots)
Will    .....        (no amulet)
Stlth   ++           (no ring)
HPRegen 0.24/turn    (no ring)
MPRegen 0.10/turn

%: no passive effects
@: no status effects
A: rugged brown scales 1
a: no special abilities


You were on level 2 of the Dungeon.
You visited 1 branch of the dungeon, and saw 2 of its levels.

You collected 89 gold pieces.

Inventory:

Hand Weapons
 c - a +0 dagger (weapon)
Armour
 a - a +0 robe (worn)
Jewellery
 i - a ring of resist corrosion
Scrolls
 d - 2 scrolls of blinking
 e - a scroll of vulnerability {unknown}
 g - 2 scrolls of identify {unknown}
 j - a scroll of fog {unknown}
Potions
 b - a potion of magic
 f - a potion of enlightenment
 h - a potion of ambrosia


   Skills:
 - Level 1.7 Dodging
 - Level 1.7 Stealth
 + Level 2.8 Spellcasting
 + Level 2.3 Conjurations
 + Level 3.3 Earth Magic


You had 6 spell levels left.
You knew the following spells:

 Your Spells              Type           Power      Damage    Failure   Level
a - Sandblast             Erth           26%        2d8       4%          1

Your spell library contained the following spells:

 Spells                   Type           Power      Damage    Failure   Level
 Passwall                 Erth           13%        N/A       14%         3
 Stone Arrow              Conj/Erth      24%        3d8       17%         3
 Brom's Barrelling Bould  Conj/Erth      12%        2d4       50%         4
 Petrify                  Alch/Erth      8%         N/A       65%         4


Dungeon Overview and Level Annotations

Branches:
Dungeon (2/15)

Altars:
Xom

Annotations:
D:2 Robin


Innate Abilities, Weirdness & Mutations

You are partially covered in rugged brown scales. (AC +1, +3% HP)


Message History

You hear a shout!
The blast of sand hits the bat!
You kill the bat!
You hear a shout! x2
The goblin barely misses you. The goblin hits you but does no damage.
The blast of sand hits the goblin!
You kill the goblin!
The goblin shoots a sling bullet.
The sling bullet hits you.
You hear a shout!
The goblin shouts!
The blast of sand hits the goblin!
You kill the goblin!
The blast of sand hits the goblin.
The goblin is moderately wounded.
Robin throws the goblin at you! The goblin hits you with a +0 club.
You are too injured to fight recklessly!
You are too injured to fight recklessly!
The goblin misses you.
You closely miss the goblin. The goblin completely misses you.
Robin throws the goblin at you! The goblin barely misses you. x2
The goblin hits you with a +2 dagger of flaming.
The goblin burns you. The goblin hits you with a +0 club.
Robin throws the goblin at you! The goblin closely misses you.
The goblin barely misses you.
You hit the goblin.
The goblin is heavily wounded.
The goblin closely misses you.
Robin roars a battlecry!
The goblins go into a battle-frenzy!
The goblin hits you but does no damage.
The goblin hits you with a +2 dagger of flaming.
The goblin burns you.
* * * LOW HITPOINT WARNING * * *
The goblin completely misses you. The goblin hits you with a +0 club.
* * * LOW HITPOINT WARNING * * *
The goblin closely misses you. The goblin closely misses you.
The goblin completely misses you. The goblin attacks as it pursues you!
The goblin hits you with a +0 club.
You die...

## #.. #####.# #########
#...#.#.###.......#
#.#.#.#...g@#.
######.#.#.####gg#.# ###
.......#.#......g#.# ..#
.#######..<..).gg#.#+####.#
)#######.#<....).#.....##.#
.................).....+.>##
##########..###)......<##..#
##.# #.##.....g...#
#.###.##.##'###..#


You could see Robin and 5 goblins.

Vanquished Creatures
  2 adders (D:2)
  2 dart slugs
  5 endoplasms
  2 giant cockroaches (D:1)
  6 goblins
  5 hobgoblins
  A quokka (D:1)
  A ball python (D:1)
  6 bats
  A frilled lizard (D:1)
  4 kobolds
  5 rats
40 creatures vanquished.

Notes
Turn   | Place    | Note
-------+----------+-------------------------------------------
     0 | D:1      | Essalna the Demonspawn Earth Elementalist began the quest
                  | for the Orb.
     0 | D:1      | Reached XP level 1. HP: 13/13 MP: 3/3
   156 | D:1      | Gained mutation: You are partially covered in rugged brown
                  | scales. (AC +1, +3% HP) [demonic ancestry]
   156 | D:1      | Reached XP level 2. HP: 4/19 MP: 1/5
   317 | D:1      | Reached skill level 3 in Earth Magic
  1055 | D:2      | Reached XP level 3. HP: 24/24 MP: 4/6
  1097 | D:2      | Identified the +0 helmet of the Gloaming {Int+6}
  1097 | D:2      | Noticed Robin
  1488 | D:2      | Found a shimmering altar of Xom.
  1608 | D:2      | Slain by a goblin

Illustrated notes

Levels and vault maps discovered:
D:1:      tarquinn_simple_flora_water_d, layout_loops_ring,
          minmay_misc_feat_rugged
D:2:      layout_basic, basic_altar, nrook_mini_vaults, uniq_robin

Skill      XL: |  1  2  3 |
---------------+----------+-----
Earth Magic    | 3 |  3.3
Conjurations   | 2 |  2.3
Dodging        | |  1.7
Stealth        | |  1.7
Spellcasting   | |  2.8

Action                     || total
---------------------------++-------
  Melee: Dagger            ||    21
         Unarmed           ||     4
   Cast: Sandblast         ||    58
    Use: Potion            ||     3
         Scroll            ||     1
 Armour: Robe              ||    52
  Dodge: Dodged            ||    43

Table legend: (Time is in decaauts)
 A = Elapsed time spent in this place.
 B = Non-inter-level travel time spent in this place.
 C = Inter-level travel time spent in this place.
 D = Time resting spent in this place.
 E = Time spent auto-exploring this place.
 F = Levels seen in this place.
 G = Mean time per level.
                   A        B        C        D        E       F      G
               +--------+--------+--------+--------+--------+-----+--------+
         Total |   1636 |   1573 |     63 |      0 |   1327 |   2 |  818.0 |
       Dungeon |   1636 |   1573 |     63 |      0 |   1327 |   2 |  818.0 |
               +--------+--------+--------+--------+--------+-----+--------+

Top non-repeatable levels by time:
     D:1: 1153 daAuts
     D:2: 483 daAuts
